 Dungeon Crawl Stone Soup version 0.25-a0-161-gb7fd73da8f (webtiles) character file.

Game seed: 11164202865128888478, levelgen mode: deterministic

44 Leeroy the Slasher (level 3, -3/29 HPs)
             Began as a Draconian Warper on Nov 21, 2019.
             Killed by divine providence
             ... invoked by an orc priest
              (13 damage)
             ... on level 3 of the Dungeon.
             The game lasted 00:02:41 (1287 turns).

Leeroy the Slasher (Draconian Warper)               Turns: 1287, Time: 00:02:42

Health: -3/29      AC:  5    Str: 13    XL:     3   Next: 41%
Magic:  2/6        EV: 12    Int: 13    God:
Gold:   73         SH:  0    Dex: 11    Spells: 4/6 levels left

rFire    . . .     SeeInvis .   a - +0 falchion
rCold    . . .     Gourm    .   (no shield)
rNeg     . . .     Faith    .   (armour unavailable)
rPois    .         Spirit   .   (helmet restricted)
rElec    .         Reflect  .   (no cloak)
rCorr    .         Harm     .   (no gloves)
MR       .....                  (no boots)
Stlth    +.........             (no amulet)
HPRegen  0.09/turn              (no ring)
MPRegen  0.10/turn              (no ring)

@: no status effects
A: unfitting armour, cold-blooded, AC +5
a: no special abilities


You were on level 3 of the Dungeon.
You were hungry.

You visited 1 branch of the dungeon, and saw 3 of its levels.

You collected 73 gold pieces.

Inventory:

Hand Weapons
 a - a +0 falchion (weapon)
Missiles
 d - 5 boomerangs of dispersal (quivered)
 i - 3 boomerangs
Jewellery
 g - an uncursed ring of protection from cold {unknown}
 n - an uncursed ring of protection from magic {unknown}
 o - an uncursed ring of poison resistance {unknown}
Scrolls
 b - 2 scrolls of identify {unknown}
 c - 2 scrolls of blinking
 h - a scroll of fog {unknown}
 m - 4 scrolls of amnesia {unknown}
Potions
 e - a potion of berserk rage {unknown}
 j - 2 potions of brilliance {unknown}
 k - a potion of heal wounds {unknown}
 l - a potion of agility {unknown}
 p - a potion of flight {unknown}
Comestibles
 f - 4 rations
 q - a chunk of flesh


   Skills:
 - Level 2.1 Fighting
 + Level 3.8 Long Blades
 - Level 1.0 Throwing
 - Level 2.1 Dodging
 - Level 2.0 Spellcasting
 - Level 3.0 Translocations


You had 4 spell levels left.
You knew the following spells:

 Your Spells              Type           Power        Failure   Level  Hunger
a - Blink                 Tloc           N/A          11%         2    ###....

Your spell library contained the following spells:

 Spells                   Type           Power        Failure   Level  Hunger
 Shroud of Golubria       Chrm/Tloc      #.....       21%         2    ###....
 Gell's Gravitas          Tloc           #.........   22%         3    ####...
 Lesser Beckoning         Tloc           #.........   22%         3    ####...
 Teleport Other           Tloc           #.......     22%         3    ####...
 Passage of Golubria      Tloc           N/A          58%         4    #####..


Dungeon Overview and Level Annotations

Branches:
Dungeon (3/15)

Altars:


Innate Abilities, Weirdness & Mutations

Your plain brown scales are hard. (AC +5)
You cannot fit into any form of body armour.
You are cold-blooded and may be slowed by cold attacks.


Message History

You hit the orc.
The orc is almost dead.
The orc priest casts a cantrip, but nothing happens.
The orc barely misses you.
You riposte.
You hit the orc.
You kill the orc!
You barely miss the orc priest.
The orc priest mumbles some strange prayers to Beogh against you.
Pain shoots through your body!
Casting: Blink (safe; 11% risk of failure)
Confirm with . or Enter, or press ? or * to list all spells.
You blink.
A dart slug comes into view.
The orc priest closely misses you.
An orc comes into view. It is wielding a +0 club.
Casting: Blink (safe; 11% risk of failure)
Confirm with . or Enter, or press ? or * to list all spells.
You blink.
The orc priest calls down the wrath of Beogh upon you.
Beogh smites you!
You die...

# #. #. ####.####
#.......# .
#.......###...
#@....... . #
#..####.#.#
#.#..####..# ##
#..#.#w......###.#
#.........##..#.##
####.#o#..##.....#
.....o..........###
###.##.(..#........
... #.)........#


You could see a worm, an orc priest and an orc (wandering).

Vanquished Creatures
  An ooze (D:1)
  A worm (D:2)
  3 dart slugs
  A leopard gecko (D:1)
  An orc (D:3)
  A giant cockroach (D:3)
  3 goblins
  4 jackals (D:3)
  3 bats (D:1)
  4 frilled lizards
  7 kobolds
  2 rats (D:1)
31 creatures vanquished.

Notes
Turn   | Place    | Note
-------+----------+-------------------------------------------
     0 | D:1      | Leeroy the Draconian Warper began the quest for the Orb.
     0 | D:1      | Reached XP level 1. HP: 17/17 MP: 3/3
    40 | D:1      | Reached skill level 1 in Throwing
   155 | D:1      | Reached XP level 2. HP: 24/24 MP: 5/5
   172 | D:1      | Learned a level 2 spell: Blink
  1059 | D:2      | Reached XP level 3. HP: 29/29 MP: 6/6
  1287 | D:3      | Killed from afar by an orc priest

Levels and vault maps discovered:
D:1:      evilmike_arrival_hilbert_curve, layout_basic
D:2:      layout_basic, kennysheep_generic_room_5
D:3:      layout_loops_cross, vehumet_crystals, kennysheep_ying_yang

Skill      XL: |  1  2 |
---------------+-------+-----
Throwing       | 1 |  1.0
Long Blades    | 3 |  3.8
Fighting       | |  2.1
Dodging        | |  2.1
Spellcasting   | |  2.0
Translocations | |  3.0

Action                   || total
-------------------------++-------
Melee: Falchion          ||   106
       Tailslap          ||    10
 Cast: Blink             ||     5
 Stab: Sleeping          ||     2
  Eat: Chunk             ||     1
Armor: Skin              ||    31
Dodge: Dodged            ||    68
       Rpst.: Falchion   ||    19

Table legend:
 A = Non-vault XP
 B = Vault XP
 C = Vault XP percentage of total XP
 D = Non-vault monster count
 E = Vault monster count
 F = Vault count percentage of total count
                 A         B        C        D         E       F
            +---------+---------+-------+---------+---------+-------
      Total |      64 |       0 |   0.0 |      31 |       0 |   0.0
            +---------+---------+-------+---------+---------+-------
        D:1 |      36 |       0 |   0.0 |      18 |       0 |   0.0
        D:2 |      14 |       0 |   0.0 |       6 |       0 |   0.0
        D:3 |      14 |       0 |   0.0 |       7 |       0 |   0.0
            +---------+---------+-------+---------+---------+-------
